 Dungeon Crawl Stone Soup version 0.31.0-9-g3a7656b989 (webtiles) character file.

Game seed: 7399516324728511970

128 qw the Skirmisher (level 4, -1/25 HPs)
             Began as a Deep Elf Hunter on Feb 3, 2024.
             Incinerated by a bombardier beetle (5 damage)
             ... with a burning spray
             ... on level 3 of the Dungeon.
             The game lasted 00:00:34 (1708 turns).

qw the Skirmisher (Deep Elf Hunter)                 Turns: 1708, Time: 00:00:35

Health: -1/25      AC:  3    Str: 10    XL:     4   Next: 87%
Magic:  6/6        EV: 12    Int: 14    God:
Gold:   162        SH:  0    Dex: 18    Spells: 3/3 levels left

rFire   . . .        a - +0 shortbow
rCold   . . .        (shield currently unavailable)
rNeg    . . .        c - +0 leather armour
rPois   .            (no helmet)
rElec   .            (no cloak)
rCorr   .            (no gloves)
SInv    .            (no boots)
Will    .....        (no amulet)
Stlth   +            (no ring)
HPRegen 0.24/turn    (no ring)
MPRegen 0.10/turn

%: no passive effects
@: on fire, glowing
A: no striking features
a: no special abilities


You were on level 3 of the Dungeon.
You visited 1 branch of the dungeon, and saw 3 of its levels.

You collected 162 gold pieces.


   Skills:
 - Level 1.5 Fighting
 + Level 8.3 Ranged Weapons
 - Level 2.4 Dodging
 - Level 1.2 Stealth


You had 3 spell levels left.
You didn't know any spells.
Your spell library was empty.

Inventory:

Hand Weapons
 a - a +0 shortbow (weapon)
Armour
 b - a +0 ring mail
 c - a +0 leather armour (worn)
Scrolls
 e - a scroll of summoning {unknown}
 g - 3 scrolls of identify
 j - a scroll of teleportation
Potions
 d - a potion of cancellation
 f - a potion of haste
 i - a potion of curing {unknown}

Dungeon Overview and Level Annotations

Branches:
Dungeon (3/15)

Altars:


Message History

You see here a rat corpse.
There is an escape hatch in the floor here.
Found a ring mail.
You see here the +5 chain mail of the Intense God {Slay+6}.
Found a sling.
g - 3 scrolls of identify A bombardier beetle comes into view.
You shoot an arrow. The arrow hits the bombardier beetle!
The bombardier beetle is heavily wounded.
You shoot an arrow.
The arrow closely misses the bombardier beetle.
You shoot an arrow. The arrow hits the bombardier beetle.
The bombardier beetle is almost dead.
The bombardier beetle sprays incendiary fluid at you.
The burning spray hits you.
You are covered in liquid fire!
You shoot an arrow.
The arrow hits the bombardier beetle but does no damage.
The bombardier beetle is almost dead.
The liquid fire burns you!
You shoot an arrow.
The arrow hits the bombardier beetle but does no damage.
The bombardier beetle is almost dead.
The liquid fire burns you!
You shoot an arrow.
The arrow barely misses the bombardier beetle.
The liquid fire burns you!
You shoot an arrow.
The arrow hits the bombardier beetle but does no damage.
The bombardier beetle is almost dead.
The liquid fire burns you!
You shoot an arrow. The arrow hits the bombardier beetle.
You kill the bombardier beetle!
The liquid fire burns you!
Your Ranged Weapons skill increases to level 8!
You are on fire!
The liquid fire burns you!
You are on fire!
The liquid fire burns you!
You die...

.# ####..[.....# .#
##............# .#
#..########...# ##
##.########.....
######....)..........
........######..##..
###.................
#####.##...#.###
#....####@..#
#.#####.....%.... ..
#.).####### #. #...#
# #####


There were no monsters in sight!

Vanquished Creatures
  A bombardier beetle (D:3)
  A gnoll (D:1)
  2 adders (D:3)
  4 dart slugs
  2 ribbon worms (D:2)
  4 bats
  6 endoplasms
  3 giant cockroaches
  6 goblins
  3 hobgoblins
  4 jackals (D:1)
  4 kobolds
  3 quokkas
  6 ball pythons
  3 frilled lizards
  5 rats
57 creatures vanquished.

Notes
Turn   | Place    | Note
-------+----------+-------------------------------------------
     0 | D:1      | qw the Deep Elf Hunter began the quest for the Orb.
     0 | D:1      | Reached XP level 1. HP: 12/12 MP: 3/3
     0 | D:1      | 0 ||| qw: Version: 0.3-a-155-g5e7d8dd
     0 | D:1      | 0 ||| qw: Game counter: 3009
     0 | D:1      | 0 ||| qw: Melee chars always use a shield: true
     0 | D:1      | 0 ||| qw: God list: Okawaru
     0 | D:1      | 0 ||| qw: Allow faded altars: false
     0 | D:1      | 0 ||| qw: Do Orc after clearing Dungeon:15 true
     0 | D:1      | 0 ||| qw: Do second Lair branch before Depths: true
     0 | D:1      | 0 ||| qw: Lair rune preference: random
     0 | D:1      | 0 ||| qw: Goals: Normal
     0 | D:1      | 0 ||| PLANNING D:1-11
   184 | D:1      | Reached skill level 6 in Ranged Weapons
   184 | D:1      | Reached XP level 2. HP: 16/16 MP: 4/4
   392 | D:1      | Reached XP level 3. HP: 20/20 MP: 5/5
   642 | D:1      | Reached skill level 7 in Ranged Weapons
   896 | D:1      | 896 ||| READING scroll labelled WIT QUICSASTI.
   897 | D:1      | 897 ||| READING scroll labelled GAOKHU AXKEI.
   897 | D:1      | 897 ||| IDENTIFYING smoky yellow potion
   898 | D:1      | 898 ||| READING 2 scrolls labelled ECUOCR QORISIZ.
   903 | D:1      | 903 ||| DROPPING scroll of butterflies.
   946 | D:2      | 946 ||| STAIRDANCE
   950 | D:2      | 950 ||| STAIRDANCE
   972 | D:2      | 972 ||| STAIRDANCE
  1102 | D:2      | 1102 ||| FLEEEEING.
  1294 | D:2      | Reached XP level 4. HP: 25/25 MP: 6/6
  1496 | D:2      | 1496 ||| READING 2 scrolls of identify.
  1496 | D:2      | 1496 ||| IDENTIFYING metallic white potion
  1497 | D:2      | 1497 ||| READING scroll of identify.
  1497 | D:2      | 1497 ||| IDENTIFYING fizzy white potion
  1498 | D:2      | 1498 ||| READING scroll labelled HOCIROINATZ.
  1499 | D:2      | 1499 ||| DRINKING 3 red potions.
  1500 | D:2      | 1500 ||| DROPPING potion of degeneration.
  1501 | D:2      | 1501 ||| DROPPING 2 potions of brilliance.
  1678 | D:3      | Identified the +5 chain mail of the Intense God {Slay+6}
  1706 | D:3      | HP: 6/25 [burnt (4)]
  1707 | D:3      | Reached skill level 8 in Ranged Weapons
  1708 | D:3      | Incinerated by a bombardier beetle

Levels and vault maps discovered:
D:1:      erik_arrival_triangle_medium, layout_loops_corners
D:2:      layout_basic
D:3:      layout_rooms, cheibrodos_ashenzari_chains

Skill      XL: |  1  2  3  4 |
---------------+-------------+-----
Ranged Weapons | 6 7 8 |  8.3
Fighting       | |  1.5
Dodging        | |  2.4
Stealth        | |  1.2

Action                     |  1- 3 |  4- 6 || total
---------------------------+-------+-------++-------
   Fire: Shortbow          |   122 |    42 ||   164
    Use: Scroll            |     3 |     3 ||     6
         Potion            |       |     1 ||     1
 Armour: Leather armour    |    17 |     1 ||    18
  Dodge: Dodged            |    17 |     5 ||    22

Table legend:
 A = Non-vault XP
 B = Vault XP
 C = Vault XP percentage of total XP
 D = Non-vault monster count
 E = Vault monster count
 F = Vault count percentage of total count
                 A         B        C        D         E       F
            +---------+---------+-------+---------+---------+-------
      Total |     184 |       0 |   0.0 |      57 |       0 |   0.0
            +---------+---------+-------+---------+---------+-------
        D:1 |      67 |       0 |   0.0 |      30 |       0 |   0.0
        D:2 |      34 |       0 |   0.0 |      15 |       0 |   0.0
        D:3 |      83 |       0 |   0.0 |      12 |       0 |   0.0
            +---------+---------+-------+---------+---------+-------
